[Event "ICC tourney 2545 (5 3)"]
[Site "Internet Chess Club"]
[Date "2021.04.11"]
[Round "8"]
[White "weakfish"]
[Black "Chesscrow"]
[Result "0-1"]
[ICCResult "White resigns"]
[WhiteElo "1345"]
[BlackElo "1703"]
[Opening "Robatsch defense: two knights, Suttles variation"]
[ECO "B12"]
[NIC "CK.01"]
[Time "17:05:25"]
[TimeControl "300+3"]

1. e4 c6 2. d4 d6 3. Nc3 g6 4. Nf3 Bg7 5. Be3 Nf6 6. h3 a6 7. a3 b5 8. Bd3
Bb7 9. Qd2 Nbd7 10. O-O O-O 11. Bh6 e5 12. Bxg7 Kxg7 13. Rad1 Qe7 14. dxe5
Nxe5 15. Nxe5 dxe5 16. Qg5 h6 17. Qg3 Nh5 18. Qg4 Nf4 19. Rfe1 Rad8 20. h4
c5 21. Re3 c4 22. Bf1 Rxd1 23. Nxd1 Rd8 24. g3 h5 25. Qf3 Ne6 26. Nc3 Nd4
27. Qg2 Nxc2 28. Rf3 Ne1 29. Qh3 Nxf3+ {White resigns} 0-1

[Event "ICC tourney 2545 (5 3)"]
[Site "Internet Chess Club"]
[Date "2021.04.11"]
[Round "8"]
[White "supergirl06"]
[Black "KnightGhost"]
[Result "1-0"]
[ICCResult "Black checkmated"]
[WhiteElo "1482"]
[BlackElo "1247"]
[Opening "Sicilian defense"]
[ECO "B41"]
[NIC "SI.43"]
[Time "17:05:12"]
[TimeControl "300+3"]

1. e4 c5 2. Nf3 e6 3. d4 Nf6 4. e5 Nd5 5. Bc4 Qa5+ 6. Bd2 Qb6 7. Nc3 cxd4 8.
Na4 Qc6 9. b3 b5 10. Nxd4 Qb7 11. Bxb5 Ba3 12. O-O O-O 13. Qg4 Bb2 14. Rab1
Bxd4 15. Qxd4 Qxb5 16. Nc3 Nxc3 17. Qxc3 Bb7 18. Qg3 f5 19. Bh6 Rf7 20. c4
Qc6 21. f3 g6 22. Qg5 Qc5+ 23. Kh1 Qxe5 24. Qd8+ Rf8 25. Qxf8#
{Black checkmated}
1-0

[Event "ICC tourney 2545 (5 3)"]
[Site "Internet Chess Club"]
[Date "2021.04.11"]
[Round "8"]
[White "JaimeVeloso"]
[Black "PhaseShift"]
[Result "0-1"]
[ICCResult "White resigns"]
[WhiteElo "1351"]
[BlackElo "1636"]
[Opening "Sicilian: Hungarian variation"]
[ECO "B34"]
[NIC "SI.33"]
[Time "17:05:45"]
[TimeControl "300+3"]

1. e4 c5 2. Nf3 g6 3. d4 cxd4 4. Nxd4 Nc6 5. Be3 Bg7 6. Be2 Nf6 7. Nc3 O-O
8. O-O d5 9. exd5 Nb4 10. Bf3 Nbxd5 11. Nxd5 Nxd5 12. Bxd5 Qxd5 13. c3 b6
14. Qe2 Bb7 15. Nf3 Qh5 16. Rad1 Bxf3 17. Qxf3 Qxf3 18. gxf3 Rfd8 19. f4 e6
20. Kg2 Kf8 21. Kf3 Ke8 22. h4 h5 23. Ke4 Rxd1 24. Rxd1 Rd8 25. Rxd8+ Kxd8
26. f3 Kd7 27. Kd3 Kc6 28. a4 Bf6 29. Bf2 a6 30. b4 b5 31. axb5+ axb5 32. c4
bxc4+ 33. Kxc4 Bd8 34. b5+ Kb7 35. Bd4 Bxh4 36. b6 Bd8 37. Kb5 h4 38. Bf2 h3
39. Bg1 Be7 40. Kc4 Bd6 41. Bh2 Kxb6 42. Kd4 g5 {White resigns} 0-1

[Event "ICC tourney 2545 (5 3)"]
[Site "Internet Chess Club"]
[Date "2021.04.11"]
[Round "8"]
[White "Sandeshbajaj"]
[Black "rishik99"]
[Result "0-1"]
[ICCResult "White checkmated"]
[WhiteElo "1851"]
[BlackElo "1405"]
[Opening "Queen's bishop game"]
[ECO "D02"]
[NIC "QP.08"]
[Time "17:05:13"]
[TimeControl "300+3"]

1. d4 d5 2. Nf3 Nf6 3. Bf4 Bf5 4. e3 e6 5. Bd3 Bg6 6. O-O c5 7. c3 c4 8. Bc2
Nc6 9. Nbd2 Bd6 10. Bxd6 Qxd6 11. Re1 O-O 12. Bxg6 hxg6 13. e4 dxe4 14. Nxc4
Qf4 15. Nfe5 b5 16. Nxc6 Ng4 17. f3 Qxh2+ 18. Kf1 Qh1+ 19. Ke2 Qxg2#
{White checkmated}
0-1

[Event "ICC tourney 2545 (5 3)"]
[Site "Internet Chess Club"]
[Date "2021.04.11"]
[Round "8"]
[White "saisiva765"]
[Black "QvC"]
[Result "1-0"]
[ICCResult "Black resigns"]
[WhiteElo "1847"]
[BlackElo "2294"]
[Opening "Queen's pawn: London system"]
[ECO "A45"]
[NIC "QP.07"]
[Time "17:05:11"]
[TimeControl "300+3"]

1. d4 Nf6 2. Bf4 g6 3. e3 Bg7 4. Nf3 O-O 5. Nbd2 d6 6. Bc4 Nc6 7. h3 Re8 8.
O-O e5 9. Bg5 h6 10. Bh4 Qe7 11. c3 Bf5 12. e4 Bd7 13. dxe5 Nxe5 14. Nxe5
Qxe5 15. f4 Qc5+ 16. Bf2 Qc6 17. a4 a6 18. Qb3 Re7 19. Bd5 Nxe4 20. Bxc6
Nxd2 21. Qxb7 {Black resigns} 1-0

[Event "ICC tourney 2545 (5 3)"]
[Site "Internet Chess Club"]
[Date "2021.04.11"]
[Round "8"]
[White "architect22"]
[Black "evorg"]
[Result "0-1"]
[ICCResult "White checkmated"]
[WhiteElo "1354"]
[BlackElo "1537"]
[Opening "Dutch defense"]
[ECO "A84"]
[NIC "HD.10"]
[Time "17:06:40"]
[TimeControl "300+3"]

1. d4 f5 2. c4 Nf6 3. Nf3 e6 4. Bf4 b6 5. e3 Bb7 6. Be2 Bd6 7. Bg3 Bxg3 8.
hxg3 d5 9. Ne5 Nc6 10. Bh5+ Ke7 11. Nf3 Qd6 12. Nbd2 dxc4 13. Nxc4 Qb4+ 14.
Ncd2 Qxb2 15. O-O g6 16. Ne5 gxh5 17. Nxc6+ Bxc6 18. f3 Rag8 19. Kh2 Qb4 20.
e4 h4 21. exf5 hxg3+ 22. Kg1 Qxd4+ 23. Rf2 Qxf2+ 24. Kh1 Rg6 25. fxg6 hxg6#
{White checkmated}
0-1

[Event "ICC tourney 2545 (5 3)"]
[Site "Internet Chess Club"]
[Date "2021.04.11"]
[Round "8"]
[White "debarghya1972"]
[Black "Kimster98"]
[Result "1/2-1/2"]
[ICCResult "Game drawn by mutual agreement"]
[WhiteElo "1739"]
[BlackElo "1958"]
[Opening "Four knights: Scotch, 4...exd4"]
[ECO "C47"]
[NIC "RG.01"]
[Time "17:06:40"]
[TimeControl "300+3"]

1. e4 e5 2. Nf3 Nf6 3. Nc3 Nc6 4. d4 exd4 5. Nxd4 Bb4 6. Nxc6 bxc6 7. Bd3
O-O 8. O-O d5 9. Bg5 h6 10. Bh4 Bxc3 11. bxc3 g5 12. Bg3 dxe4 13. Bc4 Qe7
14. Re1 Rd8 15. Qe2 Bf5 16. Kh1 Qc5 17. h3 Nd5 18. Bxd5 cxd5 19. Qh5 Qc6 20.
h4 Qg6 21. Qxg6+ Bxg6 22. hxg5 hxg5 23. Bxc7 Rdc8 24. Be5 Rc6 25. Red1 f6
26. Bd4 Kf7 27. Rab1 Ke6 28. Rb7 Rh8+ 29. Kg1 Rh7 30. Rxh7 Bxh7 31. Rb1 Ra6
32. Rb7 Bg6 33. Rxa7 Rxa7 34. Bxa7 Be8 {Game drawn by mutual agreement}
1/2-1/2

[Event "ICC tourney 2545 (5 3)"]
[Site "Internet Chess Club"]
[Date "2021.04.11"]
[Round "8"]
[White "Jeffchess"]
[Black "blackjack721"]
[Result "0-1"]
[ICCResult "White resigns"]
[WhiteElo "1394"]
[BlackElo "1248"]
[Opening "Evans gambit declined"]
[ECO "C51"]
[NIC "IG.05"]
[Time "17:05:45"]
[TimeControl "300+3"]

1. e4 e5 2. Nf3 Nc6 3. Bc4 Bc5 4. b4 Be7 5. c3 d6 6. d4 exd4 7. Qb3 Be6 8.
Bxe6 fxe6 9. Qxe6 d3 10. h4 Nf6 11. Ng5 Ne5 12. f4 h6 13. fxe5 hxg5 14. exf6
gxf6 15. h5 Qd7 16. Qh3 Qb5 17. h6 Qc4 18. Qh5+ Kd7 19. Qg4+ Kc6 20. Bd2 f5
21. Qxf5 Raf8 22. Qg6 Rf6 23. Na3 Qe6 24. b5+ Kb6 25. Be3+ c5 26. bxc6+ Kxc6
27. Qg7 Rhf8 28. h7 Qxe4 29. Qxg5 Rf1+ 30. Rxf1 Rxf1+ 31. Kxf1 Bxg5 32. h8=Q
Qxe3 33. Qd4 Qe2+ 34. Kg1 Be3+ 35. Qxe3 Qxe3+ 36. Kh2 d2 37. Nc2 Qxc3 38.
Ne1 Qxa1 39. Nf3 d1=Q {White resigns} 0-1

[Event "ICC tourney 2545 (5 3)"]
[Site "Internet Chess Club"]
[Date "2021.04.11"]
[Round "8"]
[White "dashriprock"]
[Black "pokerram"]
[Result "0-1"]
[ICCResult "White resigns"]
[WhiteElo "1413"]
[BlackElo "1241"]
[Opening "King's Indian: fianchetto without c4"]
[ECO "A49"]
[NIC "KI.79"]
[Time "17:05:14"]
[TimeControl "300+3"]

1. d4 Nf6 2. Nf3 g6 3. g3 Bg7 4. Bg2 O-O 5. O-O d6 6. c4 Nc6 7. d5 Ne5 8.
Nxe5 dxe5 9. Nc3 Rb8 10. e4 c6 11. dxc6 bxc6 12. b3 Qa5 13. Bd2 Rd8 14. Nd5
Qc5 15. b4 Qd6 16. c5 Qd7 17. Bg5 cxd5 18. Bxf6 Bxf6 19. exd5 e4 20. a3 Qxd5
21. Qxd5 Rxd5 22. Rae1 Rd3 23. Re3 Bb7 24. Rc1 Rxe3 25. fxe3 Bb2 26. Rc2
Bxa3 27. c6 Bc8 28. c7 Rxb4 29. Bxe4 {White resigns} 0-1

[Event "ICC tourney 2545 (5 3)"]
[Site "Internet Chess Club"]
[Date "2021.04.11"]
[Round "8"]
[White "robbonz"]
[Black "pkramkumar"]
[Result "0-1"]
[ICCResult "White checkmated"]
[WhiteElo "687"]
[BlackElo "1386"]
[Opening "Sicilian: closed, 2...Nc6"]
[ECO "B23"]
[NIC "SI.44"]
[Time "17:06:20"]
[TimeControl "300+3"]

1. e4 c5 2. Nc3 Nc6 3. Nf3 g6 4. Bb5 Bg7 5. O-O Nf6 6. d3 d6 7. Nd5 O-O 8.
Nxf6+ Bxf6 9. Bg5 Bxg5 10. Nxg5 e5 11. Bc4 Qxg5 12. Bb5 Nd4 13. g3 Bh3 14.
Re1 Bg4 15. Qb1 Nf3+ 16. Kg2 Qh5 17. Kf1 Nd2+ 18. Kg2 Qh3+ 19. Kh1 Bf3+ 20.
Kg1 Qg2# {White checkmated} 0-1

[Event "ICC tourney 2545 (5 3)"]
[Site "Internet Chess Club"]
[Date "2021.04.11"]
[Round "8"]
[White "tistime"]
[Black "drskodeh"]
[Result "0-1"]
[ICCResult "White resigns"]
[WhiteElo "1301"]
[BlackElo "1487"]
[Opening "QGD Slav defense, Alekhine variation"]
[ECO "D10"]
[NIC "SL.01"]
[Time "17:06:30"]
[TimeControl "300+3"]

1. d4 d5 2. c4 c6 3. Nc3 dxc4 4. e4 b5 5. a4 b4 6. Na2 a5 7. Bxc4 Bb7 8. d5
cxd5 9. Bxd5 Bxd5 10. Qxd5 Qxd5 11. exd5 Nf6 12. Nf3 Nxd5 13. O-O e6 14. Bg5
Bd6 15. Rac1 O-O 16. Rc4 Nd7 17. Nc1 Ne5 18. Nxe5 Bxe5 19. Nd3 Bf6 20. Bd2
Rfd8 21. Nc5 Bxb2 22. Rg4 Rac8 23. Nb7 Rd7 24. Nxa5 Ra7 25. Nc4 f5 26. Rh4
Bf6 27. Nd6 Rc2 28. Nb5 Rxa4 {White resigns} 0-1

[Event "ICC tourney 2545 (5 3)"]
[Site "Internet Chess Club"]
[Date "2021.04.11"]
[Round "8"]
[White "BK10"]
[Black "Goran21"]
[Result "0-1"]
[ICCResult "White forfeits on time"]
[WhiteElo "1581"]
[BlackElo "1866"]
[Opening "Sicilian: closed"]
[ECO "B23"]
[NIC "SI.44"]
[Time "17:05:21"]
[TimeControl "300+3"]

1. e4 c5 2. Nc3 d6 3. f4 g6 4. Nf3 Bg7 5. Bb5+ Nc6 6. Bxc6+ bxc6 7. d3 Nf6
8. O-O O-O 9. Qe1 Ba6 10. Qh4 e6 11. f5 exf5 12. exf5 Nd5 13. Bg5 f6 14.
fxg6 hxg6 15. Bh6 g5 16. Bxg5 fxg5 17. Nxg5 Bd4+ 18. Kh1 Qe7 19. Rfe1 Bf2
20. Nxd5 cxd5 21. Qg4 Qg7 22. Re6 Bc8 {White forfeits on time} 0-1

[Event "ICC tourney 2545 (5 3)"]
[Site "Internet Chess Club"]
[Date "2021.04.11"]
[Round "8"]
[White "krankenstein"]
[Black "keesparov2001"]
[Result "1-0"]
[ICCResult "Black resigns"]
[WhiteElo "1242"]
[BlackElo "928"]
[Opening "Queen's pawn game"]
[ECO "A45"]
[NIC "QP.07"]
[Time "17:05:41"]
[TimeControl "300+3"]

1. d4 Nf6 2. h3 e6 3. a3 d5 4. Nc3 c5 5. e3 Be7 6. b3 Nc6 7. Be2 cxd4 8.
exd4 O-O 9. Nf3 a6 10. O-O b5 11. b4 Bb7 12. Bf4 Bd6 13. Ne5 Nxe5 14. dxe5
Nh5 15. Bxh5 Be7 16. Ne2 Qc7 17. Nd4 Rac8 18. Qg4 f5 19. exf6 Bxf6 20. Nxe6
Qe7 21. Nxf8 Qxf8 22. Qe6+ Kh8 23. Bf3 Rc6 24. Qxd5 Qe8 25. Qd3 Bc8 26. Bxc6
{Black resigns}
1-0

[Event "ICC tourney 2545 (5 3)"]
[Site "Internet Chess Club"]
[Date "2021.04.11"]
[Round "8"]
[White "kartheek24"]
[Black "rj1234"]
[Result "0-1"]
[ICCResult "White resigns"]
[WhiteElo "1831"]
[BlackElo "1984"]
[Opening "English opening: Agincourt variation"]
[ECO "A13"]
[NIC "EO.64"]
[Time "17:05:59"]
[TimeControl "300+3"]

1. c4 e6 2. Nf3 d5 3. b3 d4 4. e3 c5 5. exd4 cxd4 6. Na3 Nc6 7. d3 Bxa3 8.
Bxa3 Qa5+ 9. Qd2 Qxa3 10. g3 Nf6 11. Bg2 O-O 12. O-O Bd7 13. Rfe1 a5 14. Qf4
Kh8 15. Nxd4 Nxd4 16. Qxd4 Bc6 17. f4 Rfd8 18. Qe3 Bxg2 19. Kxg2 Qd6 20.
Rad1 a4 21. d4 axb3 22. axb3 Ra2+ 23. Re2 Rxe2+ 24. Qxe2 h5 25. Qe5 Qxe5 26.
fxe5 Ng4 27. Rd3 Nxe5 {White resigns} 0-1

[Event "ICC tourney 2545 (5 3)"]
[Site "Internet Chess Club"]
[Date "2021.04.11"]
[Round "8"]
[White "LeftHand"]
[Black "Maher1278"]
[Result "1-0"]
[ICCResult "Black checkmated"]
[WhiteElo "1196"]
[BlackElo "1283"]
[Opening "French defense"]
[ECO "C01"]
[NIC "FR.01"]
[Time "17:05:51"]
[TimeControl "300+3"]

1. e4 e6 2. d4 Qh4 3. Nc3 Bb4 4. Nf3 Qxe4+ 5. Be2 Qg6 6. O-O Nf6 7. Ne5 Qf5
8. g4 Nxg4 9. Bxg4 Qf6 10. Ne4 Qh4 11. Bg5 f5 12. Bxh4 fxe4 13. c3 Bd6 14.
Qe2 c5 15. Qxe4 cxd4 16. cxd4 h5 17. Be2 a5 18. Qg6+ Kf8 19. Qf7#
{Black checkmated}
1-0

[Event "ICC tourney 2545 (5 3)"]
[Site "Internet Chess Club"]
[Date "2021.04.11"]
[Round "8"]
[White "Rickyb"]
[Black "CCAadminDave"]
[Result "0-1"]
[ICCResult "White resigns"]
[WhiteElo "2145"]
[BlackElo "1636"]
[Opening "Ruy Lopez: open, classical defense"]
[ECO "C83"]
[NIC "RL.29"]
[Time "17:06:00"]
[TimeControl "300+3"]

1. e4 e5 2. Nf3 Nc6 3. Bb5 a6 4. Ba4 Nf6 5. O-O Nxe4 6. d4 b5 7. Bb3 d5 8.
dxe5 Be6 9. c3 Be7 10. Nbd2 O-O 11. Bc2 Nxd2 12. Bxd2 f6 13. exf6 Bxf6 14.
Re1 Bg4 15. h3 Bh5 16. Be3 Ne5 17. g4 Nxf3+ 18. Qxf3 Bxc3 19. Qg3 Bxe1 20.
gxh5 Bb4 21. Bd4 Rf7 22. h6 Bd6 23. Qd3 Qg5+ 24. Kh1 Qxh6 25. Rg1 Raf8 26.
Rg2 Rf3 {White resigns} 0-1

[Event "ICC tourney 2545 (5 3)"]
[Site "Internet Chess Club"]
[Date "2021.04.11"]
[Round "8"]
[White "chessplanet"]
[Black "clydedrexler22"]
[Result "1-0"]
[ICCResult "Black resigns"]
[WhiteElo "1733"]
[BlackElo "1568"]
[Opening "Old Indian: Ukrainian variation"]
[ECO "A53"]
[NIC "OI.07"]
[Time "17:05:17"]
[TimeControl "300+3"]

1. d4 d6 2. c4 e5 3. Nc3 Nf6 4. dxe5 dxe5 5. Qxd8+ Kxd8 6. Nf3 Nbd7 7. Bg5
c6 8. O-O-O Kc7 9. Bxf6 gxf6 10. e3 Bb4 11. Ne4 Be7 12. Nh4 Nb6 13. Ng3 Be6
14. Nhf5 Bf8 15. b3 a5 16. a4 Rg8 17. e4 Ba3+ 18. Kb1 Rad8 19. Be2 Nd7 20.
Ne3 Bf8 21. Rhf1 Nc5 22. Kc2 Na6 23. f4 Nb4+ 24. Kc1 Bc5 25. Nc2 Rxd1+ 26.
Kxd1 Rd8+ 27. Kc1 Nd3+ 28. Bxd3 Rxd3 29. Kb2 Rd2 30. Nh5 Be7 31. Ng7 Bd7 32.
fxe5 Rxg2 33. exf6 Bxf6+ 34. Rxf6 Rxg7 35. Kc3 Be6 36. Nd4 Kd7 37. Rh6 Kd6
38. Nf5+ Ke5 39. Nxg7 {Black resigns} 1-0

[Event "ICC tourney 2545 (5 3)"]
[Site "Internet Chess Club"]
[Date "2021.04.11"]
[Round "8"]
[White "ulfbert"]
[Black "bandhu2"]
[Result "1-0"]
[ICCResult "Black resigns"]
[WhiteElo "1889"]
[BlackElo "1734"]
[Opening "English: Anglo-Dutch defense"]
[ECO "A10"]
[NIC "HD.14"]
[Time "17:05:47"]
[TimeControl "300+3"]

1. c4 f5 2. g3 Nf6 3. Bg2 g6 4. b3 Bg7 5. Bb2 O-O 6. e3 Nc6 7. Ne2 e5 8. d3
d5 9. O-O Be6 10. Na3 Qd7 11. d4 e4 12. Qd2 g5 13. Rad1 Qf7 14. cxd5 Bxd5
15. Nb5 Rad8 16. Ba3 Rfe8 17. Rc1 a6 18. Nbc3 Be6 19. f3 Qh5 20. fxe4 fxe4
21. Nxe4 Nxe4 22. Bxe4 Bg4 23. Nc3 Nxd4 24. exd4 Bxd4+ 25. Kh1 Bxc3 26. Qxc3
Rxe4 27. Qf6 Rde8 28. Bb2 {Black resigns} 1-0

[Event "ICC tourney 2545 (5 3)"]
[Site "Internet Chess Club"]
[Date "2021.04.11"]
[Round "8"]
[White "Moncu"]
[Black "hansup"]
[Result "1-0"]
[ICCResult "Black resigns"]
[WhiteElo "2268"]
[BlackElo "1560"]
[Opening "Petrov's defense"]
[ECO "C42"]
[NIC "RG.01"]
[Time "17:06:00"]
[TimeControl "300+3"]

1. e4 e5 2. Nf3 Nf6 3. d3 Nc6 4. Be2 Be7 5. O-O d6 6. c3 O-O 7. Nbd2 Ne8 8.
d4 f5 9. dxe5 fxe4 10. Nxe4 Nxe5 11. Nxe5 dxe5 12. Qb3+ Kh8 13. Be3 Nf6 14.
Rad1 Qe8 15. Nc5 Qg6 16. Ne6 Bxe6 17. Qxe6 Bd6 18. Qh3 Rf7 19. Rd2 Raf8 20.
Rfd1 Ne4 21. Bd3 Ng5 22. Bxg5 {Black resigns} 1-0

[Event "ICC tourney 2545 (5 3)"]
[Site "Internet Chess Club"]
[Date "2021.04.11"]
[Round "8"]
[White "profudesah"]
[Black "Guillermito"]
[Result "1/2-1/2"]
[ICCResult "Game drawn by repetition"]
[WhiteElo "1881"]
[BlackElo "3192"]
[Opening "Sicilian: Richter-Rauzer, Rauzer attack"]
[ECO "B63"]
[NIC "SI.27"]
[Time "17:05:46"]
[TimeControl "300+3"]

1. e4 c5 2. Nf3 d6 3. d4 cxd4 4. Nxd4 Nf6 5. Nc3 Nc6 6. Bg5 e6 7. Qd2 h6 8.
Bxf6 gxf6 9. O-O-O a6 10. f4 Bd7 11. Kb1 Qb6 12. Nxc6 bxc6 13. Bc4 Be7 14.
f5 Rb8 15. Bb3 h5 16. Rhe1 h4 17. Re3 c5 18. Na4 Qb4 19. Rc3 Bb5 20. fxe6
fxe6 21. Qf2 Rh5 22. g4 Re5 23. Qxh4 Qxe4 24. Qh8+ Bf8 25. Qxf6 Qe2 26. Rc1
Qxg4 27. Rg3 Qf5 28. Qxf5 Rxf5 29. c4 Bc6 30. Nc3 Bh6 31. Bc2 Bxc1 32. Bxf5
Ke7 33. Kxc1 exf5 34. Re3+ Kf6 35. Rd3 Ke5 36. Re3+ Be4 37. b3 Rh8 38. h3
Rh4 39. Kd1 Kd4 40. Kd2 Rh8 41. Ne2+ Ke5 42. Nc3 Kd4 43. Ne2+ Ke5 44. Nc3
Kd4 45. Ne2+ Ke5 46. Nc3 {Game drawn by repetition} 1/2-1/2

[Event "ICC tourney 2545 (5 3)"]
[Site "Internet Chess Club"]
[Date "2021.04.11"]
[Round "8"]
[White "HorseHead"]
[Black "fertigto"]
[Result "1-0"]
[ICCResult "Black resigns"]
[WhiteElo "1306"]
[BlackElo "1226"]
[Opening "Ponziani: Jaenisch counter-attack"]
[ECO "C44"]
[NIC "KP.05"]
[Time "17:05:27"]
[TimeControl "300+3"]

1. e4 e5 2. Nf3 Nc6 3. c3 Nf6 4. Bc4 d5 5. exd5 Nxd5 6. d4 exd4 7. Ng5 Be7
8. Nxf7 Kxf7 9. Qf3+ Ke6 10. Qe4+ Ne5 11. cxd4 Qd6 12. O-O c6 13. Bf4 Bf6
14. dxe5 Bxe5 15. Re1 b5 16. Bxe5 {Black resigns} 1-0

[Event "ICC tourney 2545 (5 3)"]
[Site "Internet Chess Club"]
[Date "2021.04.11"]
[Round "8"]
[White "siddarth1"]
[Black "Heliosis"]
[Result "1-0"]
[ICCResult "Black resigns"]
[WhiteElo "1509"]
[BlackElo "1776"]
[Opening "Sicilian: Alapin's variation (2.c3)"]
[ECO "B22"]
[NIC "SI.47"]
[Time "17:05:47"]
[TimeControl "300+3"]

1. e4 c5 2. c3 Nf6 3. e5 Nd5 4. d4 cxd4 5. Nf3 e6 6. cxd4 d6 7. Bc4 dxe5 8.
Bxd5 Qxd5 9. Nc3 Bb4 10. Nxe5 O-O 11. O-O Bxc3 12. bxc3 Nc6 13. Nxc6 Qxc6
14. Qc2 b6 15. Bf4 Bb7 16. f3 Rac8 17. Rfc1 Ba6 18. a4 Bc4 19. a5 b5 20. Qe4
Bd5 21. Qe5 a6 22. Qd6 Rfd8 23. Qxc6 Rxc6 24. Bd2 Rdc8 25. Re1 Kf8 26. Re5
Ke7 27. Rae1 Rc4 28. Rxd5 Ra4 29. Rc5 Rxc5 30. dxc5 Rxa5 31. c6 Ra2 32. Bf4
Rc2 33. Be5 f6 34. c7 {Black resigns} 1-0

[Event "ICC tourney 2545 (5 3)"]
[Site "Internet Chess Club"]
[Date "2021.04.11"]
[Round "8"]
[White "Stroggs"]
[Black "DuckyBirdLover"]
[Result "1-0"]
[ICCResult "Black resigns"]
[WhiteElo "1410"]
[BlackElo "913"]
[Opening "Modern defense"]
[ECO "A40"]
[NIC "QO.17"]
[Time "17:05:28"]
[TimeControl "300+3"]

1. d4 g6 2. Nc3 Nf6 3. e4 Bg7 4. f3 e6 5. e5 Nh5 6. Be3 d5 7. g4 Qh4+ 8. Bf2
Qg5 9. gxh5 Qxh5 10. f4 Qf5 11. Bd3 Qxf4 12. Qd2 Qxd2+ 13. Kxd2 O-O 14. Nf3
f6 15. Bg3 fxe5 16. Nxe5 Bxe5 17. Bxe5 Rf2+ 18. Ne2 Nd7 19. Bxc7 Nb6 20. Bg3
Rf6 21. Rhf1 Rf8 22. Bd6 Rd8 23. Bc7 Rd7 24. Bxb6 axb6 25. Nf4 Rf7 26. c3
Bd7 27. Nh3 Raf8 28. Rxf7 Rxf7 29. Rf1 Be8 30. Rxf7 Bxf7 31. Ke3 h6 32. Kf4
g5+ 33. Ke5 Kg7 34. Nf2 g4 35. Nxg4 h5 36. Nf6 Bg6 37. Bxg6 Kxg6 38. Ne8 Kf7
39. Nd6+ {Black resigns} 1-0

[Event "ICC tourney 2545 (5 3)"]
[Site "Internet Chess Club"]
[Date "2021.04.11"]
[Round "8"]
[White "oxdidi"]
[Black "MohanadWael"]
[Result "1-0"]
[ICCResult "Black checkmated"]
[WhiteElo "1110"]
[BlackElo "1112"]
[Opening "Sicilian: Canal-Sokolsky attack, 3...Bd7"]
[ECO "B52"]
[NIC "SI.01"]
[Time "17:05:29"]
[TimeControl "300+3"]

1. e4 c5 2. Nf3 d6 3. Bb5+ Bd7 4. Bxd7+ Qxd7 5. Nc3 Nc6 6. O-O Nf6 7. Re1 g6
8. d3 Bg7 9. Bg5 Ng4 10. h3 h6 11. Bh4 g5 12. Bg3 Be5 13. hxg4 Bxg3 14. fxg3
Qxg4 15. Kf2 f5 16. exf5 Qxf5 17. Qe2 g4 18. Kg1 Qh5 19. Nh2 Rg8 20. Nb5 Rc8
21. Nxa7 Nxa7 22. Qxe7# {Black checkmated} 1-0

[Event "ICC tourney 2545 (5 3)"]
[Site "Internet Chess Club"]
[Date "2021.04.11"]
[Round "8"]
[White "IsaiahS"]
[Black "DrDrunkenstyn"]
[Result "0-1"]
[ICCResult "White resigns"]
[WhiteElo "1420"]
[BlackElo "1656"]
[Opening "Sicilian defense"]
[ECO "B30"]
[NIC "SI.31"]
[Time "17:05:49"]
[TimeControl "300+3"]

1. e4 c5 2. Nf3 Nc6 3. c3 Nf6 4. d3 d6 5. Bf4 g6 6. Nbd2 Bg7 7. Be2 O-O 8.
O-O Nh5 9. Bg3 Nxg3 10. hxg3 f5 11. Nh2 e5 12. Bf3 f4 13. g4 Qh4 14. Nc4 g5
15. Nxd6 Rf6 16. g3 fxg3 17. fxg3 Qxg3+ 18. Kh1 Rxd6 19. Qe2 Rh6 20. Rg1 Qh4
21. Raf1 Be6 22. b3 Ne7 23. Qf2 Ng6 24. Qxh4 Rxh4 25. Kg2 Nf4+ 26. Kh1 Nxd3
27. Be2 Nf4 28. Rf2 Nh3 29. Rgf1 Nxf2+ 30. Rxf2 Rd8 31. Bf3 Rf8 32. Kg2 h5
33. gxh5 g4 34. Rd2 gxf3+ 35. Nxf3 Rxe4 36. Ng5 Rg4+ {White resigns} 0-1

[Event "ICC tourney 2545 (5 3)"]
[Site "Internet Chess Club"]
[Date "2021.04.11"]
[Round "8"]
[White "Comeback2016"]
[Black "Tecmo"]
[Result "1-0"]
[ICCResult "Black resigns"]
[WhiteElo "1722"]
[BlackElo "1428"]
[Opening "English: Anglo-Dutch defense"]
[ECO "A10"]
[NIC "HD.14"]
[Time "17:05:15"]
[TimeControl "300+3"]

1. c4 f5 2. g3 e6 3. Bg2 Nf6 4. d3 Be7 5. Nc3 O-O 6. Nf3 d6 7. O-O e5 8. e4
Nc6 9. Rb1 a5 10. a3 Qe8 11. b4 axb4 12. axb4 Qg6 13. b5 Na5 14. Nh4 Qh5 15.
exf5 Qxd1 16. Rxd1 Ng4 17. h3 Bxh4 18. hxg4 Bf6 19. Nd5 Bd7 20. Nxc7 Rac8
21. Nd5 Bd8 22. Ba3 {Black resigns} 1-0

[Event "ICC tourney 2545 (5 3)"]
[Site "Internet Chess Club"]
[Date "2021.04.11"]
[Round "8"]
[White "wiiiiiieee"]
[Black "Fimachess2021"]
[Result "1-0"]
[ICCResult "Black resigns"]
[WhiteElo "1492"]
[BlackElo "1454"]
[Opening "Sicilian: Smith-Morra gambit"]
[ECO "B21"]
[NIC "SI.48"]
[Time "17:05:11"]
[TimeControl "300+3"]

1. e4 c5 2. d4 cxd4 3. c3 d3 4. Bxd3 d6 5. c4 e6 6. Nc3 Nf6 7. Nf3 Nc6 8.
Qe2 Be7 9. h3 a6 10. Be3 Qc7 11. O-O Bd7 12. Rac1 O-O 13. b3 b6 14. Bb1 h6
15. Rfd1 Ne5 16. Nd4 Nc6 17. Nf3 Ne5 18. Nd4 Nc6 19. Nxc6 Bxc6 20. Nd5 exd5
21. cxd5 Nd7 22. Rxc6 Qb7 23. Qg4 Nf6 24. Qg3 Nh5 25. Qg4 Nf6 26. Qg3 Nh5
27. Qf3 Nf6 28. Rxb6 Qd7 29. Rc6 h5 30. Bd4 Rfc8 31. Rxc8+ Rxc8 32. Qd3 g6
33. Qxa6 Nh7 34. Qe2 Bg5 35. e5 dxe5 36. Qxe5 Bf6 37. Qf4 Bxd4 38. Qxd4 Rd8
39. b4 Ng5 40. Bc2 Qd6 41. Bb3 Re8 42. Qc5 Qf4 43. Qc4 Re4 44. Qc1 Rxb4 45.
Qxf4 Rxf4 46. d6 Ne6 47. Bxe6 fxe6 48. d7 {Black resigns} 1-0

[Event "ICC tourney 2545 (5 3)"]
[Site "Internet Chess Club"]
[Date "2021.04.11"]
[Round "8"]
[White "chess2thesun"]
[Black "skot"]
[Result "1-0"]
[ICCResult "Black resigns"]
[WhiteElo "2244"]
[BlackElo "2008"]
[Opening "Ruy Lopez: Morphy defense"]
[ECO "C77"]
[NIC "RL.12"]
[Time "17:06:20"]
[TimeControl "300+3"]

1. e4 e5 2. Nf3 Nc6 3. Bb5 a6 4. Ba4 Nf6 5. d4 exd4 6. O-O Be7 7. Re1 b5 8.
e5 Nd5 9. Bb3 Nb6 10. Nxd4 Nxd4 11. Qxd4 Bb7 12. Qg4 g6 13. Bh6 Bd5 14. Nc3
Be6 15. Bxe6 dxe6 16. Rad1 Nd5 17. Nxd5 exd5 18. e6 f6 19. Qh4 Rg8 20. c4
bxc4 21. b3 c5 22. bxc4 d4 23. Qe4 Rc8 24. Rb1 Rc7 25. Rb6 f5 26. Qf3 Rc8
27. Reb1 Bg5 28. Bxg5 Qxg5 29. Qd5 Rg7 30. Rb7 Rd8 31. Rxg7 Rxd5 32. cxd5
Qf4 33. Rb8+ Qxb8 34. Rg8+ Ke7 35. Rxb8 d3 36. Kf1 c4 37. Ke1 c3 38. Rb3 c2
39. Kd2 Kd6 40. Rxd3 c1=Q+ 41. Kxc1 {Black resigns} 1-0

[Event "ICC tourney 2545 (5 3)"]
[Site "Internet Chess Club"]
[Date "2021.04.11"]
[Round "8"]
[White "LightSurfer"]
[Black "byumitchell"]
[Result "1-0"]
[ICCResult "Black resigns"]
[WhiteElo "1776"]
[BlackElo "1219"]
[Opening "Center game"]
[ECO "C21"]
[NIC "KP.04"]
[Time "17:05:13"]
[TimeControl "300+3"]

1. e4 e5 2. d4 exd4 3. Bc4 Nc6 4. c3 dxc3 5. Qb3 Qe7 6. Nxc3 Ne5 7. Nd5 Qc5
8. Be2 Nf6 9. Be3 Qc6 10. Rc1 Qd6 11. Nxc7+ Kd8 12. Nxa8 Nxe4 13. Nc7 Be7
14. Nd5 Nc6 15. Nxe7 Qxe7 16. Nf3 h5 17. O-O h4 18. h3 d6 19. Rfd1 Qf6 20.
Bd3 Ng3 21. Bg5 {Black resigns} 1-0